jjj Game Log - American Division All-Stars vs National Division All-Stars, Friday, July 15th, 2011
BNN Index | DTBL | Scores | Standings | Stats | Teams | Players | Transactions | History
DTBL All-Star Game Game Log, Friday, July 15th, 2011
American Division All-Stars vs National Division All-Stars
Top of the 1st - National Division All-Stars batting - Pitching for American Division All-Stars : RHP Roy Halladay
Pitching: RHP Roy Halladay
Batting: SHB Jose Reyes0-0: Ball
1-0: Ball
2-0: Foul Ball, location: 5SF
2-1: Ball
3-1: Base on Balls
Batting: LHB Jacoby Ellsbury0-0: Swinging Strike
0-1: Foul Ball, location: 2F
0-2: Ball
1-2: Fly out, F8 (Flyball, 8RM)
Batting: RHB Matt Kemp0-0: Ball
Jose Reyes is caught stealing 2nd base
1-0: Ball
2-0: Called Strike
2-1: Foul Ball, location: 2F
2-2: Ground out 1-3 (Groundball, 13S)
Top of the 1st over - 0 run(s), 0 hit(s), 0 error(s), 0 left on base; National Division 0 - American Division 0
 
Bottom of the 1st - American Division All-Stars batting - Pitching for National Division All-Stars : RHP Justin Verlander
Pitching: RHP Justin Verlander
Batting: RHB Rickie Weeks0-0: Ball
1-0: Ball
2-0: Foul Ball, location: 9LSF
2-1: Ball
3-1: Foul Ball, location: 2F
3-2: Strikes out looking
Batting: SHB Asdrubal Cabrera0-0: Swinging Strike
0-1: Ball
1-1: Ball
2-1: Called Strike
2-2: Foul Ball, location: 3F
2-2: Ball
3-2: Ground out 6-3 (Groundball, 6M)
Batting: RHB Ryan Braun0-0: Called Strike
0-1: Ball
1-1: Ball
2-1: Called Strike
2-2: Foul Ball, location: 9LDF
2-2: Fly out, F4 (Popup, 4)
Bottom of the 1st over - 0 run(s), 0 hit(s), 0 error(s), 0 left on base; National Division 0 - American Division 0
 
Top of the 2nd - National Division All-Stars batting - Pitching for American Division All-Stars : RHP Roy Halladay
Batting: LHB Adrian Gonzalez0-0: Ball
1-0: SINGLE (Flyball, 78S)
Batting: LHB Jay Bruce0-0: Called Strike
0-1: Ball
1-1: Ball
2-1: Foul Ball, location: 2F
2-2: Foul Ball, location: 2F
2-2: Foul Ball, location: 2F
2-2: Strikes out swinging
Batting: LHB Carlos Gonzalez0-0: Ball
1-0: Called Strike
1-1: Swinging Strike
1-2: Strikes out swinging
Batting: LHB Robinson Cano0-0: Ball
1-0: Ball
2-0: Foul Ball, location: 2F
2-1: Ball
3-1: Base on Balls
Adrian Gonzalez to second
Batting: RHB Alex Rodriguez0-0: Ball
1-0: Foul Ball, location: 5F
1-1: Ball
2-1: Swinging Strike
2-2: Ball
3-2: Foul Ball, location: 2F
3-2: Strikes out swinging
Top of the 2nd over - 0 run(s), 1 hit(s), 0 error(s), 2 left on base; National Division 0 - American Division 0
 
Bottom of the 2nd - American Division All-Stars batting - Pitching for National Division All-Stars : RHP Justin Verlander
Batting: LHB Prince Fielder0-0: Ball
1-0: Fly out, F7 (Line Drive, 78M)
Batting: RHB Jose Bautista0-0: Ball
1-0: Fly out, F8 (Flyball, 8LXD)
Batting: RHB Paul Konerko0-0: Ball
1-0: Ball
2-0: Fly out, F8 (Line Drive, 8LS)
Bottom of the 2nd over - 0 run(s), 0 hit(s), 0 error(s), 0 left on base; National Division 0 - American Division 0
 
Top of the 3rd - National Division All-Stars batting - Pitching for American Division All-Stars : RHP Roy Halladay
Pitching: RHP Jered Weaver
Batting: LHB Miguel Montero0-0: Foul Ball, location: 2F
0-1: Ball
1-1: Swinging Strike
1-2: Ball
2-2: Ball
3-2: Strikes out swinging
Batting: SHB Jose Reyes0-0: Bunt missed!
0-1: Swinging Strike
0-2: Strikes out swinging
Batting: LHB Jacoby Ellsbury0-0: Ball
1-0: Ball
2-0: SINGLE (Flyball, 78S)
Batting: RHB Matt Kemp0-0: Ball
1-0: Called Strike
Jacoby Ellsbury is caught stealing 2nd base
Top of the 3rd over - 0 run(s), 1 hit(s), 0 error(s), 0 left on base; National Division 0 - American Division 0
 
Bottom of the 3rd - American Division All-Stars batting - Pitching for National Division All-Stars : RHP Justin Verlander
Pitching: LHP Clayton Kershaw
Batting: LHB Brian McCann0-0: Ball
1-0: SINGLE (Line Drive, 78S)
Batting: RHB Adrian Beltre0-0: Called Strike
0-1: Ball
1-1: Ball
2-1: Ball
3-1: Foul Ball, location: 2F
3-2: Base on Balls
Brian McCann to second
Batting: LHB Curtis Granderson0-0: Ball
1-0: Ball
2-0: Called Strike
2-1: Swinging Strike
2-2: Strikes out swinging
Batting: RHB Rickie Weeks0-0: Called Strike
0-1: Ball
1-1: Foul Ball, location: 23F
1-2: Ball
2-2: Strikes out swinging
Batting: SHB Asdrubal Cabrera0-0: Called Strike
0-1: Ball
1-1: Ball
2-1: Swinging Strike
2-2: Fly out, F9 (Flyball, 89M)
Bottom of the 3rd over - 0 run(s), 1 hit(s), 0 error(s), 2 left on base; National Division 0 - American Division 0
 
Top of the 4th - National Division All-Stars batting - Pitching for American Division All-Stars : RHP Jered Weaver
Pitching: LHP Cliff Lee
Batting: RHB Matt Kemp0-0: Ball
1-0: Ball
2-0: Ball
3-0: Called Strike
3-1: Foul Ball, location: 3F
3-2: Base on Balls
Batting: LHB Adrian Gonzalez0-0: Ball
1-0: Swinging Strike
1-1: Ball
2-1: Grounds into double play, 4-6-3 (Groundball, 4)
Batting: LHB Jay Bruce0-0: Ball
1-0: Ball
2-0: Fly out, F8 (Flyball, 78XD)
Top of the 4th over - 0 run(s), 0 hit(s), 0 error(s), 0 left on base; National Division 0 - American Division 0
 
Bottom of the 4th - American Division All-Stars batting - Pitching for National Division All-Stars : LHP Clayton Kershaw
Pitching: RHP James Shields
Batting: RHB Ryan Braun0-0: SINGLE (Line Drive, 7LM)
Batting: LHB Prince Fielder0-0: Swinging Strike
0-1: Called Strike
0-2: Ball
1-2: Fly out, F8 (Flyball, 8LD)
Batting: RHB Jose Bautista0-0: Ball
1-0: Fly out, F7 (Flyball, 7M)
Batting: RHB Paul Konerko0-0: Foul Ball, location: 2F
0-1: Fly out, F8 (Flyball, 8RD)
Bottom of the 4th over - 0 run(s), 1 hit(s), 0 error(s), 1 left on base; National Division 0 - American Division 0
 
Top of the 5th - National Division All-Stars batting - Pitching for American Division All-Stars : LHP Cliff Lee
Pitching: RHP Dan Haren
Now at SS: Troy Tulowitzki
Batting: LHB Carlos Gonzalez0-0: Ball
1-0: Foul Ball, location: 2F
1-1: Ball
Single, Error in OF, E9, batter to second base
Batting: LHB Robinson Cano0-0: Called Strike
0-1: Called Strike
0-2: Strikes out looking
Batting: RHB Alex Rodriguez0-0: Ball
1-0: Swinging Strike
1-1: Ball
Wild Pitch!
Carlos Gonzalez to third
2-1: Foul Ball, location: 2F
2-2: Foul Ball, location: 2F
2-2: DOUBLE (Flyball, 89XD)
Carlos Gonzalez scores
Batting: LHB Miguel Montero0-0: Fly out, F9 (Flyball, 9D)
Runner from 2nd tags up, SAFE at 3rd, no throw
Batting: SHB Jose Reyes0-0: Ball
Single, Error in OF, E8, batter to second base
Alex Rodriguez scores
Batting: LHB Jacoby Ellsbury0-0: Called Strike
0-1: Called Strike
0-2: SINGLE (Line Drive, 8LS)
Jose Reyes to third
Batting: RHB Matt Kemp0-0: Swinging Strike
0-1: Ball
1-1: Called Strike
1-2: Ball
2-2: Strikes out looking
Top of the 5th over - 2 run(s), 4 hit(s), 2 error(s), 2 left on base; National Division 2 - American Division 0
 
Bottom of the 5th - American Division All-Stars batting - Pitching for National Division All-Stars : RHP James Shields
Pitching: RHP Tommy Hanson
Batting: LHB Brian McCann0-0: Called Strike
0-1: Ball
1-1: Called Strike
1-2: DOUBLE (Line Drive, 9LM)
Batting: RHB Adrian Beltre0-0: Ball
1-0: Ground out U3 (Groundball, 3S)
Brian McCann to third
Batting: LHB Curtis Granderson0-0: Ball
1-0: 2-RUN HOME RUN (Flyball, 89XD), Distance : 399 ft
Batting: RHB Rickie Weeks0-0: Called Strike
0-1: SINGLE (Line Drive, 6D)
Batting: RHB Troy Tulowitzki0-0: Called Strike
0-1: Foul Ball, location: 2F
0-2: Ball
1-2: Ball
2-2: Strikes out looking
Batting: RHB Ryan Braun0-0: Swinging Strike
0-1: Foul Ball, location: 2F
0-2: Foul Ball, location: 7LDF
0-2: Strikes out looking
Bottom of the 5th over - 2 run(s), 3 hit(s), 0 error(s), 1 left on base; National Division 2 - American Division 2
 
Top of the 6th - National Division All-Stars batting - Pitching for American Division All-Stars : RHP Dan Haren
Pitching: RHP Felix Hernandez
Now in RF: Justin Upton
Batting: LHB Adrian Gonzalez0-0: Ball
1-0: Ball
2-0: Called Strike
2-1: SINGLE (Line Drive, 34)
Batting: LHB David Ortiz0-0: Ball
1-0: Ball
2-0: Grounds into double play, 4-6-3 (Groundball, 4)
Pinch Hitting: RHB Matt Holliday0-0: Fly out, F5 (Line Drive, 56)
Top of the 6th over - 0 run(s), 1 hit(s), 0 error(s), 0 left on base; National Division 2 - American Division 2
 
Bottom of the 6th - American Division All-Stars batting - Pitching for National Division All-Stars : RHP Tommy Hanson
Pitching: RHP J J Putz
Now at C: Carlos Santana
Now in RF: Matt Holliday
Batting: LHB Prince Fielder0-0: Called Strike
0-1: Ball
1-1: Ball
2-1: Ball
3-1: Base on Balls
Batting: RHB Justin Upton0-0: SINGLE (Line Drive, 6MD)
Prince Fielder to second
Batting: SHB Victor Martinez0-0: Ball
1-0: Swinging Strike
1-1: Swinging Strike
1-2: Strikes out looking
Batting: LHB Brian McCann0-0: Ball
1-0: Swinging Strike
1-1: Ball
2-1: Foul Ball, location: 2F
2-2: Grounds into double play, U6-3 (Groundball, 6)
Bottom of the 6th over - 0 run(s), 1 hit(s), 0 error(s), 1 left on base; National Division 2 - American Division 2
 
Top of the 7th - National Division All-Stars batting - Pitching for American Division All-Stars : RHP Felix Hernandez
Pitching: RHP Craig Kimbrel
Now at 3B: Jhonny Peralta
Pinch Hitting: RHB Brandon Phillips0-0: Swinging Strike
0-1: Ball
1-1: Ball
2-1: Swinging Strike
2-2: Foul Ball, location: 2F
2-2: Ball
3-2: Foul Ball, location: 2F
3-2: Strikes out looking
Batting: RHB Alex Rodriguez0-0: Foul Ball, location: 2F
0-1: Fly out, F5 (Line Drive, 5)
Batting: SHB Carlos Santana0-0: Called Strike
0-1: Ball
1-1: Foul Ball, location: 7LMF
1-2: Strikes out looking
Top of the 7th over - 0 run(s), 0 hit(s), 0 error(s), 0 left on base; National Division 2 - American Division 2
 
Bottom of the 7th - American Division All-Stars batting - Pitching for National Division All-Stars : RHP J J Putz
Pitching: RHP Francisco Cordero
Now at 1B: Mark Teixeira
Now at 2B: Brandon Phillips
Batting: RHB Jhonny Peralta0-0: Called Strike
0-1: Swinging Strike
0-2: Ball
1-2: DOUBLE (Flyball, 7S)
Batting: LHB Curtis Granderson0-0: Swinging Strike
0-1: Ball
1-1: Ball
2-1: Ball
3-1: Base on Balls
Batting: RHB Rickie Weeks0-0: Ball
1-0: Fly out, F2 (Popup, 23F)
Batting: RHB Troy Tulowitzki0-0: Foul Ball, location: 2F
0-1: Ball
1-1: Foul Ball, location: 2F
1-2: Ball
2-2: Fly out, F3 (Popup, 3SF)
Batting: RHB Ryan Braun0-0: Fly out, F9 (Flyball, 9LD)
Bottom of the 7th over - 0 run(s), 1 hit(s), 0 error(s), 2 left on base; National Division 2 - American Division 2
 
Top of the 8th - National Division All-Stars batting - Pitching for American Division All-Stars : RHP Craig Kimbrel
Pitching: RHP Heath Bell
Now in CF: Hunter Pence
Batting: SHB Jose Reyes0-0: Ball
1-0: Foul Ball, location: 2F
1-1: Foul Ball, location: 2F
1-2: Foul Ball, location: 9LMF
1-2: Strikes out looking
Batting: LHB Jacoby Ellsbury0-0: Called Strike
0-1: Called Strike
0-2: Foul Ball, location: 2F
0-2: Ball
1-2: Ball
2-2: Fly out, F9 (Flyball, 9LS)
Batting: RHB Matt Kemp0-0: Ball
1-0: Ball
2-0: Ball
3-0: Called Strike
3-1: SINGLE (Flyball, 8LM)
Batting: SHB Mark Teixeira0-0: Called Strike
Throwing error on steal attempt, E2
Matt Kemp to third
0-1: Ball
1-1: Ball
2-1: Foul Ball, location: 2F
2-2: Strikes out swinging
Top of the 8th over - 0 run(s), 1 hit(s), 1 error(s), 1 left on base; National Division 2 - American Division 2
 
Bottom of the 8th - American Division All-Stars batting - Pitching for National Division All-Stars : RHP Francisco Cordero
Pitching: LHP Cole Hamels
Batting: LHB Prince Fielder0-0: Called Strike
0-1: Fly out, F3 (Line Drive, 3L)
Batting: RHB Justin Upton0-0: Ball
1-0: Ball
2-0: Called Strike
2-1: Swinging Strike
2-2: Foul Ball, location: 2F
2-2: SINGLE (Groundball, 6MD)
Batting: SHB Victor Martinez0-0: Ball
1-0: Called Strike
1-1: Ball
2-1: Called Strike
2-2: Foul Ball, location: 2F
2-2: SINGLE (Groundball, 56)
Justin Upton to second
Batting: LHB Brian McCann0-0: Ball
1-0: Grounds into double play, 4-6-3 (Groundball, 4)
Bottom of the 8th over - 0 run(s), 2 hit(s), 0 error(s), 1 left on base; National Division 2 - American Division 2
 
Top of the 9th - National Division All-Stars batting - Pitching for American Division All-Stars : RHP Heath Bell
Pitching: RHP Drew Storen
Batting: LHB David Ortiz0-0: Called Strike
0-1: Ball
1-1: Ball
2-1: SINGLE (Line Drive, 89S)
Batting: RHB Matt Holliday0-0: Ball
1-0: SINGLE (Groundball, 56D)
David Ortiz to second
Batting: RHB Brandon Phillips0-0: Sac Bunt - play at first, batter OUT! 2-3
David Ortiz to third
Matt Holliday to second
Batting: RHB Alex Rodriguez0-0: Ball
1-0: Called Strike
1-1: Foul Ball, location: 2F
1-2: Fly out, F8 (Flyball, 8LD)
Runner from 3rd tags up, SCORES, no throw
Matt Holliday to third
Pitching: RHP Mariano Rivera
Batting: SHB Carlos Santana0-0: Called Strike
0-1: Foul Ball, location: 2F
0-2: Ground out 1-3 (Groundball, 13S)
Top of the 9th over - 1 run(s), 2 hit(s), 0 error(s), 1 left on base; National Division 3 - American Division 2
 
Bottom of the 9th - American Division All-Stars batting - Pitching for National Division All-Stars : LHP Cole Hamels
Pitching: RHP Brian Wilson
Batting: RHB Jhonny Peralta0-0: Ball
1-0: Foul Ball, location: 2F
1-1: Fly out, F6 (Line Drive, 6)
Batting: RHB Hunter Pence0-0: Called Strike
0-1: Ball
1-1: Ball
2-1: Ball
3-1: Base on Balls
Batting: RHB Rickie Weeks0-0: Swinging Strike
0-1: Foul Ball, location: 2F
0-2: Ball
1-2: Foul Ball, location: 2F
1-2: Strikes out looking
Batting: RHB Troy Tulowitzki0-0: Swinging Strike
0-1: Ground out 5-3 (Groundball, 56)
Bottom of the 9th over - 0 run(s), 0 hit(s), 0 error(s), 1 left on base; National Division 3 - American Division 2
 

This league is powered by Out of the Park Baseball, the baseball management simulation game for PC, Mac and Linux
Friday, July 15th, 2011 - OOTP Baseball 12.1.11